 Dungeon Crawl Stone Soup version 0.30-a0-930-gb9d0489357 (webtiles) character file.

Game seed: 4676878995525635563

632 DeathPants the Cutter (level 7, -1/37 HPs)
             Began as a Vine Stalker Berserker on Mar 23, 2023.
             Was a Priest of Trog.
             Succumbed to a kobold's poison
             ... on level 5 of the Dungeon.
             The game lasted 00:10:01 (3372 turns).

DeathPants the Cutter (Vine Stalker Berserker)      Turns: 3372, Time: 00:10:02

Health: -1/37      AC: 11    Str: 20    XL:     7   Next: 49%
Magic:  4/8        EV:  7    Int:  7    God:    Trog [***...]
Gold:   108        SH:  0    Dex: 15    Spells: 6/6 levels left

rFire   . . .      SeeInvis .    a - +1 dagger
rCold   . . .      Faith    .    (no shield)
rNeg    . . .      Spirit   +    k - +0 plate armour
rPois   .          Reflect  .    (no helmet)
rElec   .          Rampage  .    (no cloak)
rCorr   +                        (no gloves)
Will    .....                    (no boots) Stlth
                                 (no amulet)
HPRegen 1.06/turn                s - ring of resist corrosion
MPRegen 0.11/turn                (no ring)

@: lethally poisoned (-1 -> -8), marked, on berserk cooldown, slowed, very slow
A: fangs 2, regeneration 1, magic shield, antimagic bite, no potion heal 2
a: Renounce Religion, Berserk, Trog's Hand


You were on level 5 of the Dungeon.
You worshipped Trog.
Trog was most pleased with you.
You visited 1 branch of the dungeon, and saw 6 of its levels.

You collected 108 gold pieces.

Inventory:

Hand Weapons
 a - a +1 dagger (weapon)
 y - a +0 scimitar
Missiles
 c - 7 poisoned darts (quivered)
Armour
 k - a +0 plate armour (worn)
Jewellery
 s - a ring of resist corrosion (left hand)
Scrolls
 e - a scroll of blinking {unknown}
 f - a scroll of enchant weapon
 h - a scroll of fear {unknown}
 i - a scroll of magic mapping {unknown}
 j - a scroll of teleportation
 m - a scroll of vulnerability {unknown}
 q - a scroll of fog {unknown}
 r - a scroll of butterflies {unknown}
 w - 2 scrolls of identify
Potions
 b - a potion of attraction
 d - 2 potions of cancellation
 g - a potion of haste {unknown}
 n - a potion of flight {unknown}
 o - 4 potions of magic {unknown}
 p - a potion of resistance
 t - a potion of mutation {unknown}
 u - a potion of might {unknown}
 v - 3 potions of heal wounds {unknown}
 x - a potion of lignification {unknown}
 z - a potion of berserk rage {unknown}


   Skills:
 + Level 4.1 Fighting
 * Level 5.3 Short Blades
 + Level 3.2 Armour
 + Level 3.2 Dodging


You had 6 spell levels left.
You didn't know any spells.
Your spell library was empty.

Dungeon Overview and Level Annotations

Branches:
Dungeon (6/15)
 Temple: D:4-7

Altars:
Qazlal

Shops:
D:3 (


Innate Abilities, Weirdness & Mutations

You have extremely sharp teeth.
Your natural rate of healing is unusually fast.
When hurt, damage is shared between your health and your magic reserves.
Your bite disrupts and absorbs the magic of your enemies.
Potions cannot restore your health.


Message History

You kill the iguana!
Trog accepts your kill.
You feel very sick.
The orc priest hits you but does no damage.
The kobold hits you but does no damage.
You are lethally poisoned!
The kobold hits you but does no damage.
The kobold brigand throws a poisoned dart.
The poisoned dart barely misses you.
* * * LOW HITPOINT WARNING * * *
You feel very sick.
You climb upwards.
You feel a strong urge to attack something.
You are no longer berserk.
You are exhausted.
You feel yourself slow down.
* * * LOW HITPOINT WARNING * * *
You feel very sick.
There is a stone staircase leading down here.
Okay, then.
Your system rejects the healing.
You feel better.
The orc priest looks braver for a moment.
The kobold hits you with a +1 dagger of venom.
* * * LOW HITPOINT WARNING * * *
You are lethally poisoned!
The kobold hits you but does no damage. x2
The orc priest hits you but does no damage.
The kobold closely misses you. The kobold barely misses you.
The kobold hits you but does no damage.
Okay, then.
You closely miss the kobold. Your bite misses the kobold.
* * * LOW HITPOINT WARNING * * *
You feel very sick.
The orc priest hits you but does no damage.
The kobold hits you with a +1 dagger of venom.
You are more poisoned.
The kobold barely misses you. The kobold hits you but does no damage.
You hit the kobold.
The kobold is moderately wounded.
You die...

.. #........######
..###.......#...###
...##............#
..........###...##
...###..## #....# ..
##.# #....### ...
#.####.#####.....#
....##.Ko....(........#
.......@K.##..........#
...###K..###........###
#....##...##..#..##
#...#.#...........#
#...#..............
#...................
#...........#........
..........######...#..
.......#### ##.###.


You could see an orc priest and 3 kobolds.

Vanquished Creatures
  Menkaure (D:5)
  Blork the orc (D:4)
  An orc priest (D:3)
  A hound (D:4)
  A jelly (D:4)
  2 iguanas
  A sleepcap (D:4)
  Natasha (thrice) (D:3)
  7 gnolls
  3 adders
  3 dart slugs
  11 orcs
  4 ball pythons
  3 endoplasms
  A giant cockroach (D:1)
  9 goblins
  6 hobgoblins
  12 jackals
  12 kobolds
  4 quokkas
  7 bats
  A frilled lizard (D:3)
  3 rats
97 creatures vanquished.

Notes
Turn   | Place    | Note
-------+----------+-------------------------------------------
     0 | D:1      | DeathPants the Vine Stalker Berserker began the quest for
                  | the Orb.
     0 | D:1      | Reached XP level 1. HP: 11/11 MP: 2/2
    10 | D:1      | Found a faded altar of an unknown god.
   218 | D:1      | Reached XP level 2. HP: 13/16 MP: 3/3
   308 | D:1      | Reached skill level 3 in Short Blades
   580 | D:1      | Reached XP level 3. HP: 19/19 MP: 4/4
   642 | D:1      | Reached ** piety under Trog
   679 | D:1      | Gained mutation: Your natural rate of healing is unusually
                  | fast. [Vine Stalker growth]
   679 | D:1      | Reached XP level 4. HP: 24/24 MP: 3/5
  1670 | D:3      | Noticed Natasha
  1681 | D:3      | Killed Natasha
  1721 | D:3      | Reached XP level 5. HP: 28/28 MP: 6/6
  1743 | D:3      | Found a stormy altar of Qazlal.
  1789 | D:3      | Reached skill level 4 in Short Blades
  1896 | D:3      | Noticed Natasha
  1906 | D:3      | Killed Natasha
  1923 | D:3      | Noticed Natasha
  1962 | D:3      | Killed Natasha
  1977 | D:3      | Found Teup's Weapon Shop.
  2226 | D:4      | Reached XP level 6. HP: 32/32 MP: 7/7
  2332 | D:5      | Entered Level 5 of the Dungeon
  2425 | D:4      | Identified the +6 spear of the Sky {freeze, Will+}
  2949 | D:4      | Noticed Blork the orc
  2966 | D:4      | Killed Blork the orc
  3068 | D:4      | Reached XP level 7. HP: 28/37 MP: 4/8
  3119 | D:4      | Reached skill level 5 in Short Blades
  3308 | D:5      | Noticed Menkaure
  3320 | D:5      | Killed Menkaure
  3363 | D:6      | Reached *** piety under Trog
  3371 | D:5      | HP: 1/37 [poisoned by a kobold]
  3372 | D:5      | Succumbed to a kobold's poison

Illustrated notes

Levels and vault maps discovered:
D:1:      minmay_arrival_three_doors, layout_basic,
          ebering_ecumenical_altar_sacrificial
D:2:      layout_loops_ring
D:3:      layout_rooms, mainiacjoe_overflow_boulevard, serial_shops,
          nicolae_shop_bloodbath_and_beyond, uniq_natasha
D:4:      layout_loops_ring, uniq_blork_the_orc
D:5:      layout_cave_pools, uniq_menkaure
D:6:      layout_rooms, minmay_temple_entry_nine_rooms,
          ebering_dispersal_statue_hall, uniq_maggie

Skill      XL: |  1  2  3  4  5  6  7 |
---------------+----------------------+-----
Short Blades   | 3 4 5 |  5.3
Fighting       | 3 4 |  4.1
Armour         | 2 3 |  3.2
Dodging        | 2 3 |  3.2

Action                     |  1- 3 |  4- 6 |  7- 9 || total
---------------------------+-------+-------+-------++-------
  Melee: Dagger            |   111 |   238 |    53 ||   402
         Bite              |    21 |    76 |    19 ||   116
         Short sword       |     3 |       |       ||     3
         Punch             |     1 |     4 |     2 ||     7
 Invoke: Berserk           |     1 |     2 |     1 ||     4
         Trog's Hand       |       |     1 |       ||     1
    Use: Scroll            |       |     9 |       ||     9
         Potion            |       |       |     1 ||     1
 Armour: Ring mail         |    30 |       |       ||    30
         Animal skin       |     1 |       |       ||     1
         Plate armour      |     6 |   152 |    31 ||   189
         Scale mail        |     6 |       |       ||     6
  Dodge: Dodged            |    74 |    77 |    13 ||   164

Table legend: (Time is in decaauts)
 A = Elapsed time spent in this place.
 B = Non-inter-level travel time spent in this place.
 C = Inter-level travel time spent in this place.
 D = Time resting spent in this place.
 E = Time spent auto-exploring this place.
 F = Levels seen in this place.
 G = Mean time per level.
                   A        B        C        D        E       F      G
               +--------+--------+--------+--------+--------+-----+--------+
         Total |   3330 |   3277 |     53 |    212 |   2025 |   6 |  555.0 |
       Dungeon |   3330 |   3277 |     53 |    212 |   2025 |   6 |  555.0 |
               +--------+--------+--------+--------+--------+-----+--------+

Top non-repeatable levels by time:
     D:4: 1016 daAuts
     D:1: 874 daAuts
     D:2: 704 daAuts
     D:3: 605 daAuts
     D:5: 121 daAuts
     D:6: 9 daAuts
